 Dungeon Crawl Stone Soup version 0.30-a0-916-g9813417 (webtiles) character file.

Game seed: 5872550068663067749

179 Kel the Cudgeller (level 5, -1/32 HPs)
             Began as a Gargoyle Berserker on Mar 21, 2023.
             Was a Believer of Trog.
             Slain by a gnoll
             ... wielding a +0 spear
              (2 damage)
             ... on level 4 of the Dungeon.
             The game lasted 00:03:51 (2039 turns).

Kel the Cudgeller (Gargoyle Berserker)              Turns: 2039, Time: 00:03:52

Health: -1/32      AC: 15    Str: 22    XL:     5   Next: 59%
Magic:  5/5        EV:  7    Int:  8    God:    Trog [**....]
Gold:   150        SH:  2    Dex:  9    Spells: 4/4 levels left

rFire   . . .      SeeInvis .    a - +0 mace
rCold   + + .      Faith    .    d - +0 buckler
rNeg    + . .      Spirit   .    h - +0 chain mail
rPois   ∞          Reflect  .    r - +1 helmet of the Pits of Slime {+Blink rC++}
rElec   +          Rampage  .    q - +0 cloak
rCorr   .                        (no gloves)
Will    .....                    (no boots) Stlth
                                 (no amulet)
HPRegen 0.25/turn                (no ring)
MPRegen 0.09/turn                (no ring)

@: no status effects
A: sickness immunity, AC +4, negative energy resistance 1, electricity
resistance, torment resistance 1, petrification resistance
a: Renounce Religion, Evoke Blink, Berserk, Trog's Hand


You were on level 4 of the Dungeon.
You worshipped Trog.
Trog was pleased with you.
You visited 1 branch of the dungeon, and saw 4 of its levels.

You collected 150 gold pieces.

Inventory:

Hand Weapons
 a - a +0 mace (weapon)
Armour
 d - a +0 buckler (worn)
 h - a +0 chain mail (worn)
 q - a +0 cloak (worn)
 r - the +1 helmet of the Pits of Slime (worn) {+Blink rC++}
   (You took it off Robin on level 3 of the Dungeon)

   rC:        It greatly protects you from cold.
   +Blink:    It lets you blink.
Scrolls
 c - 2 scrolls of enchant weapon {unknown}
 f - 6 scrolls of identify {unknown}
 g - a scroll of brand weapon {unknown}
 l - 2 scrolls of teleportation {unknown}
 n - a scroll of enchant armour {unknown}
 p - a scroll of noise {unknown}
Potions
 b - a potion of might {unknown}
 e - 3 potions of resistance {unknown}
 i - 3 potions of magic {unknown}
 j - a potion of brilliance {unknown}
 k - a potion of mutation {unknown}
 m - 2 potions of curing {unknown}
 o - a potion of ambrosia {unknown}
 s - a potion of degeneration {unknown}
 t - a potion of lignification {unknown}


   Skills:
 - Level 3.2 Fighting
 + Level 6.1 Maces & Flails
 - Level 2.1 Armour
 - Level 1.5 Dodging


You had 4 spell levels left.
You didn't know any spells.
Your spell library was empty.

Dungeon Overview and Level Annotations

Branches:
Dungeon (4/15)
 Temple: D:4-7

Altars:
Cheibriados
Dithmenos
Okawaru
Uskayaw

Shops:
D:2 !

Annotations:
D:4 1 runed translucent door, Blinkfrogs's ghost, amateur NaFE


Innate Abilities, Weirdness & Mutations

You are immune to sickness and miasma.
Your stone body is resilient. (AC +4)
You are immune to poison.
You resist negative energy. (rN+)
You are resistant to electric shocks. (rElec)
You are resistant to unholy torment.
You are immune to petrification.


Message History

The gnoll hits you but does no damage. x2
You hit the gnoll.
The gnoll is severely wounded.
The gnoll hits you but does no damage. The gnoll closely misses you.
You sock the gnoll!
You kill the gnoll!
Trog accepts your kill. The gnoll hits you but does no damage.
You hit the gnoll.
The gnoll is almost dead.
The gnoll hits you but does no damage. x3
You sock the gnoll!
You kill the gnoll!
Trog accepts your kill.
The gnoll hits you from afar with a +0 spear.
Your Maces & Flails skill increases to level 6!
Things that are here:
a +0 whip; a +0 whip You hit the gnoll.
The gnoll is lightly wounded.
The gnoll hits you with a +0 club. The gnoll hits you but does no damage.
You thump the gnoll!
The gnoll is almost dead.
The gnoll barely misses you. The gnoll hits you with a +0 club.
You sock the gnoll!
You kill the gnoll!
Trog accepts your kill. The gnoll hits you with a +0 spear!
* * * LOW HITPOINT WARNING * * *
The hound bites you but does no damage.
You closely miss the gnoll. The gnoll hits you with a +0 spear.
* * * LOW HITPOINT WARNING * * *
The hound bites you.
* * * LOW HITPOINT WARNING * * *
You block the gnoll's attack.
You closely miss the gnoll. The hound bites you but does no damage.
The hound bites you.
* * * LOW HITPOINT WARNING * * *
The gnoll hits you with a +0 spear.
You die...

~~~~P........# #.#
P.~~~..#####.# #.#
~~~♣~P. #.########.###
~≈≈~... ##.##..........
~≈≈.~..####...#.######.#.
~≈≈~........#...# #.#.
~.~♣~..####.....# #.#.
.~~~~..hg###.#..# #.#.
♣~~.g..#@###.#..# #.#.
.P...###.##..#..# #.#.
####.###.##.##..# #.#.
.........#.##..# #.##
###............# #.#
...........###.######.#
#####.................##
.P~~........^........#
~PP.PP...###########.#


You could see a hound and a gnoll.

Vanquished Creatures
  A scorpion (D:3)
  Robin (D:3)
  3 gnolls (D:4)
  2 adders
  2 worms
  A dart slug (D:4)
  3 endoplasms
  2 giant cockroaches
  11 goblins
  7 hobgoblins
  2 jackals (D:3)
  2 kobolds
  A quokka (D:1)
  6 ball pythons
  3 bats
  3 frilled lizards
  5 rats
55 creatures vanquished.

Vanquished Creatures (others)
  7 plants (D:4)
7 creatures vanquished.

Grand Total: 62 creatures vanquished

Notes
Turn   | Place    | Note
-------+----------+-------------------------------------------
     0 | D:1      | Kel the Gargoyle Berserker began the quest for the Orb.
     0 | D:1      | Reached XP level 1. HP: 14/14 MP: 1/1
   138 | D:1      | Found a faded altar of an unknown god.
   311 | D:1      | Reached XP level 2. HP: 17/19 MP: 2/2
   582 | D:2      | Found a hide-covered altar of Uskayaw.
   622 | D:2      | Reached skill level 4 in Maces & Flails
   690 | D:2      | Reached XP level 3. HP: 21/23 MP: 3/3
   986 | D:2      | Found Nuahoi's Distillery.
  1042 | D:2      | Reached ** piety under Trog
  1151 | D:3      | Noticed a scorpion
  1161 | D:3      | Killed a scorpion
  1162 | D:3      | Reached skill level 5 in Maces & Flails
  1162 | D:3      | Reached XP level 4. HP: 23/28 MP: 4/4
  1316 | D:3      | Reached XP level 5. HP: 32/32 MP: 5/5
  1316 | D:3      | Identified the +1 helmet of the Pits of Slime {+Blink rC++}
  1316 | D:3      | Noticed Robin
  1322 | D:3      | Killed Robin
  1583 | D:3      | Found a snail-covered altar of Cheibriados.
  1820 | D:4      | Found an iron altar of Okawaru.
  1846 | D:4      | Found a shadowy altar of Dithmenos.
  1871 | D:4      | Found a runed translucent door.
  1877 | D:4      | Noticed Blinkfrogs's ghost (amateur NaFE)
  2034 | D:4      | Reached skill level 6 in Maces & Flails
  2039 | D:4      | HP: 1/32 [hound (1)]
  2039 | D:4      | Slain by a gnoll

Illustrated notes

Levels and vault maps discovered:
D:1:      saegor_arrival_simple_c, layout_rooms, ebering_ecumenical_altar_box,
          kennysheep_flooded_box, minmay_misc_feat_columns, nicolae_wormholes
D:2:      layout_rooms, serial_shops, nicolae_shop_behind_doors, basic_altar,
          minmay_pentomino_s4
D:3:      layout_loops_cross, nicolae_overflow_crystal_walls, uniq_robin
D:4:      layout_loops_ring, lemuel_tele_altar, grunt_dithmenos_smoke,
          serial_bayou, serial_bayou_pond_e, serial_bayou_lagoon_a,
          serial_bayou_shore_b, serial_bayou_pond_e, serial_bayou_ford_a,
          serial_bayou_pond_b, ebering_ghost_sewer_d, uniq_ijyb

Skill      XL: |  1  2  3  4  5 |
---------------+----------------+-----
Maces & Flails | 4 5 6 |  6.1
Fighting       | |  3.2
Armour         | |  2.1
Dodging        | |  1.5

Action                     |  1- 3 |  4- 6 || total
---------------------------+-------+-------++-------
  Melee: Mace              |   111 |    91 ||   202
 Invoke: Berserk           |       |     1 ||     1
 Armour: Animal skin       |     6 |       ||     6
         Chain mail        |    48 |    63 ||   111
  Dodge: Dodged            |    46 |    55 ||   101
  Block: Buckler           |     8 |    11 ||    19

Table legend: (Time is in decaauts)
 A = Elapsed time spent in this place.
 B = Non-inter-level travel time spent in this place.
 C = Inter-level travel time spent in this place.
 D = Time resting spent in this place.
 E = Time spent auto-exploring this place.
 F = Levels seen in this place.
 G = Mean time per level.
                   A        B        C        D        E       F      G
               +--------+--------+--------+--------+--------+-----+--------+
         Total |   2090 |   2046 |     44 |     93 |   1484 |   4 |  522.5 |
       Dungeon |   2090 |   2046 |     44 |     93 |   1484 |   4 |  522.5 |
               +--------+--------+--------+--------+--------+-----+--------+

Top non-repeatable levels by time:
     D:3: 752 daAuts
     D:1: 571 daAuts
     D:2: 515 daAuts
     D:4: 251 daAuts
